Map: Ice and Chrome LE

Players

Cuddlebear

  • Race: Terran Terran
  • League: Master
  • Spawn Location: 1:00

Namshar - Winner!

  • Race: Zerg Zerg
  • League: Grandmaster
  • Spawn Location: 7:00

Event: DreamHack SC2 Masters 2020 Fall

VOD

Have the link to the VOD?

Description

Time

  • Played on: Sept. 3, 2020, 3:57 p.m.
  • Length: 14:09

All games in this series

Show
View Real Time Build Order
Export as new Build Order

Cuddlebear Terran 

Build Orders: Hellion Opening, Reaper Expand, Mech 

Get SALT Encoding   

  12  0:00  SCV  
  13  0:12  SCV  
  14  0:17  Supply Depot  
  14  0:24  SCV  
  15  0:38  SCV  
  15  0:40  Barracks  
  16  0:43  Refinery  
  16  0:50  SCV  
  17  1:02  SCV  
  18  1:14  SCV  
  19  1:28  Orbital Command, Reaper  
  20  1:37  Command Center  
  20  1:49  Supply Depot  
  20  1:53  SCV  
  21  2:00  Marine  
  22  2:06  SCV  
  23  2:10  Refinery  
  23  2:12  Factory  
  23  2:18  SCV  
  23  2:21  Barracks Reactor  
  24  2:30  SCV  
  25  2:42  SCV  
  26  2:51  Orbital Command  
  26  2:54  SCV  
  27  3:01  Starport  
  27  3:04  Hellion  
  27  3:05  Hellion  
  31  3:06  SCV  
  32  3:18  SCV  
  33  3:21  SCV  
  33  3:26  Hellion x2  
  38  3:30  SCV, Supply Depot  
  38  3:31  Barracks Tech Lab  
  38  3:34  SCV  
  40  3:43  Fusion Core, SCV  
  40  3:47  Hellion x2  
  45  3:54  Supply Depot  
  47  3:57  SCV  
  47  4:02  SCV, Supply Depot  
  49  4:09  SCV  
  48  4:13  Hellion x2  
  48  4:14  SCV  
  53  4:21  SCV  
  54  4:28  SCV  
  58  4:33  SCV  
  58  4:35  Hellion x2  
  63  4:40  SCV  
  63  4:41  Battlecruiser  
  63  4:43  Command Center  
  67  4:49  Refinery, Supply Depot  
  67  4:50  Refinery  
  67  4:56  SCV  
  67  4:57  SCV  
  67  4:58  Supply Depot  
  62  5:08  SCV  
  62  5:10  SCV  
  62  5:11  Hellion x2  
  68  5:20  Factory x2, SCV  
  69  5:22  SCV  
  70  5:32  SCV  
  70  5:33  Hellion x2  
  70  5:34  SCV  
  76  5:44  SCV  
  76  5:45  Battlecruiser  
  76  5:48  SCV  
  84  5:56  Orbital Command  
  84  5:59  SCV  
  84  6:03  SCV  
  86  6:06  Factory Tech Lab x2  
  86  6:11  SCV  
  87  6:15  SCV  
  87  6:17  Hellion  
  87  6:18  Hellion  
  86  6:23  SCV  
  87  6:30  Cyclone  
  87  6:31  Cyclone, Mag-Field Accelerator  
  93  6:33  Weapon Refit  
  93  6:34  SCV  
  93  6:35  Supply Depot x2  
  94  6:41  Orbital Command  
  94  6:43  Hellion x2, SCV  
  97  6:51  SCV  
  98  6:58  Battlecruiser  
  104  7:03  Cyclone  
  108  7:08  SCV x2  
  108  7:09  SCV, Refinery  
  108  7:12  Refinery  
  108  7:14  Armory  
  110  7:16  Supply Depot  
  110  7:18  Hellion  
  110  7:20  SCV  
  113  7:24  SCV  
  113  7:28  SCV  
  109  7:31  Siege Tank  
  109  7:32  SCV  
  109  7:35  Siege Tank  
  114  7:39  Hellion  
  114  7:43  Hellion  
  106  7:53  SCV  
  106  7:54  SCV  
  106  7:55  Armory  
  106  7:56  SCV  
  106  7:58  Factory  
  109  7:59  Factory, Command Center  
  109  8:05  SCV  
  109  8:06  Engineering Bay  
  109  8:07  SCV, Supply Depot  
  109  8:08  SCV  
  109  8:10  Terran Vehicle Weapons Level 1  
  112  8:17  SCV  
  112  8:19  SCV  
  114  8:20  SCV  
  114  8:22  Supply Depot  
  114  8:23  Supply Depot  
  115  8:30  Cyclone x2  
  115  8:32  Missile Turret  
  109  8:43  Widow Mine x2  
  101  8:50  Missile Turret  
  101  8:53  Missile Turret  
  99  9:02  Missile Turret, SCV x2  
  97  9:03  Terran Vehicle And Ship Armor Level 1  
  97  9:04  Missile Turret  
  95  9:14  Cyclone  
  97  9:18  SCV x2  
  97  9:20  SCV  
  97  9:23  Factory Tech Lab  
  99  9:29  Missile Turret, Cyclone  
  99  9:30  Hellion x2, SCV x2  
  108  9:32  SCV  
  108  9:33  Factory Reactor  
  109  9:42  SCV  
  109  9:43  Cyclone, SCV  
  109  9:44  SCV  
  115  9:49  Thor  
  117  9:56  Hellion  
  109  10:01  Cyclone  
  111  10:10  Hellion x2  
  111  10:14  Missile Turret  
  115  10:15  Thor  
  115  10:20  Hellion x2  
  121  10:24  SCV x2  
  112  10:32  Thor  
  112  10:33  Thor  
  122  10:38  Hellion  
  122  10:40  SCV  
  125  10:43  SCV  
  125  10:45  SCV  
  127  10:52  SCV  
  127  10:55  Widow Mine x2  
  127  10:56  SCV  
  133  10:58  Thor  
  136  11:08  SCV x2  
  138  11:12  Hellion  
  138  11:13  Widow Mine  
  138  11:14  Terran Vehicle Weapons Level 2  
  138  11:15  Cyclone  
  138  11:16  Widow Mine, SCV  
  148  11:20  SCV  
  148  11:25  SCV  
  145  11:28  SCV  
  128  11:43  SCV x2  
  130  11:55  SCV x2  
  132  12:07  SCV x2  
  134  12:20  Command Center  
  134  12:30  Command Center  
  134  12:31  Supply Depot  
  134  12:32  Supply Depot  
  134  12:53  Siege Tank, SCV x2  
  120  12:59  Thor  
  120  13:00  Hellion  
  116  13:06  SCV  
  116  13:07  SCV  
  116  13:12  Engineering Bay  
  118  13:18  SCV  
  118  13:19  SCV  
  120  13:20  Hellion, Siege Tank  
  119  13:30  SCV  
  104  13:42  SCV  
  104  13:46  Hellion  
  90  13:55  SCV  
Show
View Real Time Build Order
Export as new Build Order

Namshar Zerg - Winner!

Build Orders: Hatch First, Muta Ling Bane 

Get SALT Encoding   

  12  0:00  Drone  
  13  0:12  Overlord  
  13  0:16  Drone  
  14  0:30  Drone x2  
  16  0:47  Hatchery  
  15  0:50  Drone  
  15  0:53  Drone  
  17  0:57  Drone  
  18  1:07  Extractor  
  17  1:11  Spawning Pool  
  17  1:15  Drone  
  17  1:19  Drone  
  18  1:27  Drone  
  19  1:39  Drone  
  20  1:49  Drone  
  21  1:59  Queen x2  
  21  2:00  Zergling x4  
  27  2:14  Hatchery  
  26  2:18  Overlord  
  26  2:21  Drone  
  27  2:23  Drone  
  27  2:29  Metabolic Boost  
  28  2:39  Drone x3  
  31  2:49  Drone  
  31  2:50  Overlord  
  31  2:54  Queen  
  31  2:56  Drone  
  34  2:59  Drone  
  35  3:11  Drone x5  
  40  3:27  Drone  
  40  3:28  Drone  
  40  3:29  Queen, Zergling x2  
  45  3:35  Drone x2, Queen  
  45  3:36  Pneumatized Carapace  
  49  3:45  Baneling Nest  
  49  3:46  Drone  
  49  3:47  Overlord  
  49  3:49  Overlord  
  49  4:00  Overlord  
  49  4:05  Overlord  
  49  4:06  Queen, Zergling x8  
  49  4:09  Drone  
  56  4:10  Drone  
  57  4:17  Drone x4  
  57  4:24  Overlord  
  61  4:28  Drone x4  
  61  4:29  Lair  
  65  4:39  Overlord  
  65  4:40  Drone x4, Spore Crawler  
  65  4:42  Spore Crawler  
  67  4:45  Spore Crawler  
  67  4:50  Extractor  
  67  4:51  Extractor, Zergling x4  
  67  4:52  Drone  
  67  4:53  Drone  
  67  4:59  Zergling x8  
  68  5:12  Drone x7  
  73  5:21  Roach Warren  
  72  5:22  Drone x4, Evolution Chamber  
  72  5:23  Drone x3, Extractor  
  72  5:28  Extractor x2  
  76  5:32  Queen  
  76  5:33  Queen  
  76  5:35  Drone x4  
  83  5:48  Drone x3  
  86  5:57  Queen, Hatchery  
  86  6:03  Glial Reconstitution, Spire  
  86  6:04  Drone, Zerg Missile Weapons Level 1  
  86  6:05  Drone x3  
  86  6:08  Zergling x2  
  86  6:09  Zergling x6  
  89  6:13  Zergling x2  
  89  6:14  Zergling x6  
  89  6:23  Drone x7  
  88  6:37  Roach x4  
  96  6:51  Overlord x5  
  96  6:57  Hatchery  
  93  7:16  Drone x3  
  96  7:24  Hatchery  
  96  7:27  Roach x2  
  96  7:28  Extractor  
  96  7:29  Mutalisk x10  
  105  7:31  Queen  
  105  7:33  Extractor  
  116  7:46  Roach x3  
  116  7:56  Drone x2  
  116  7:58  Overlord x3  
  118  8:04  Zerg Missile Weapons Level 2  
  118  8:06  Centrifical Hooks  
  118  8:10  Drone, Evolution Chamber  
  118  8:17  Drone x7  
  125  8:21  Overlord  
  125  8:23  Zerg Flyer Weapons Level 1  
  125  8:26  Hatchery  
  124  8:30  Overlord  
  124  8:31  Overlord  
  120  8:42  Mutalisk x9  
  136  8:56  Mutalisk x2  
  136  8:59  Mutalisk  
  140  9:05  Drone x9  
  147  9:11  Zerg Ground Armor Level 1  
  147  9:13  Extractor  
  147  9:15  Extractor  
  143  9:19  Drone, Overlord  
  143  9:20  Drone x5  
  149  9:26  Overlord x2  
  149  9:27  Overlord  
  149  9:28  Drone  
  149  9:29  Drone  
  151  9:34  Baneling x6  
  151  9:36  Overlord  
  151  9:37  Queen  
  153  9:43  Mutalisk x4  
  155  10:02  Mutalisk  
  155  10:03  Mutalisk x5  
  165  10:09  Queen  
  163  10:15  Queen x2  
  163  10:20  Zerg Melee Weapons Level 1  
  161  10:22  Mutalisk x4  
  163  10:32  Mutalisk x2  
  163  10:34  Drone x7  
  169  10:38  Drone x2  
  170  10:51  Zerg Flyer Weapons Level 2, Queen x2  
  170  10:52  Hatchery  
  170  10:55  Drone  
  170  10:56  Drone  
  171  11:04  Mutalisk x6  
  183  11:11  Zergling x2  
  183  11:12  Zergling x16  
  173  11:33  Mutalisk x2  
  173  11:34  Mutalisk x6  
  173  11:36  Zergling x18  
  196  11:41  Zerg Ground Armor Level 2  
  196  11:46  Queen  
  196  11:47  Queen  
  196  11:53  Baneling  
  196  11:54  Baneling x14  
  194  12:10  Baneling x17  
  194  12:12  Baneling  
  194  12:13  Baneling  
  192  12:32  Drone  
  192  12:33  Infestation Pit  
  192  12:38  Overseer x2  
  192  12:39  Extractor, Overseer  
  192  12:41  Extractor  
  175  12:59  Zergling x38  
  175  13:00  Zergling x6  
  188  13:18  Ravager x3  
  188  13:19  Baneling x28  
  191  13:24  Baneling x13  
  183  13:29  Zergling x28  
  197  13:44  Zergling x10  
  176  13:50  Zergling x6  

Tags
 
Add a new tag
Caveats
  • Supply blocks, unpowered buildings, or Contaminate may cause inaccurate times.
  • Supply counts are checked every 10 seconds.